 Dungeon Crawl Stone Soup version 0.28-a0-724-g66f9036eb4 (webtiles) character file.

Game seed: 255230686679394434

11365 ytrimaz the Cleaver (level 12, -13/88 HPs)
             Began as a Formicid Fighter on Oct 26, 2021.
             Was a Priest of Hepliaklqana.
             Mangled by a large abomination (22 damage)
             ... on level 3 of the Abyss.
             The game lasted 00:16:21 (9037 turns).

ytrimaz the Cleaver (Formicid Fighter)              Turns: 9037, Time: 00:16:22

Health: -13/88     AC:  9    Str: 31    XL:     12   Next: 6%
Magic:  13/14      EV: 11    Int:  9    God:    Hepliaklqana [***...]
Gold:   688        SH:  5    Dex: 18    Spells: 11/11 levels left

rFire   . . .      SeeInvis +   a - +1 war axe (spect)
rCold   . . .      Faith    .   c - +0 buckler
rNeg    . . .      Spirit   .   y - +1 steam dragon scales
rPois   .          Reflect  .   (helmet unavailable)
rElec   .          Harm     .   (no cloak)
rCorr   .          Rampage  .   e - +0 pair of gloves
Will    +....                   (no boots)
Stlth   ++........              n - amulet of regeneration
HPRegen 1.24/turn               g - +6 ring of dexterity
MPRegen 0.14/turn               l - +6 ring of strength

@: no status effects
A: reduced essence, permanent stasis, dig shafts and tunnels, antennae 3, four
strong arms, agile 1, sense surroundings 1, MP-powered wands
a: Dig, Shaft Self, Renounce Religion, Recall Ancestor, Ancestor Identity,
Transference


You were on level 3 of the Abyss.
You worshipped Hepliaklqana.
Hepliaklqana was most pleased with you.
You visited 2 branches of the dungeon, and saw 11 of its levels.
You visited the Abyss 1 time.
You also visited: Sewer.

You collected 688 gold pieces.

Inventory:

Hand Weapons
 a - a +1 spectral war axe (weapon)
 x - the +8 whip of Ash {freeze, *Rage *Slow Will++ Int+10}
   (You took it off an orc wizard on level 9 of the Dungeon)

   It freezes those it strikes, dealing additional cold damage.
   It can also slow down cold-blooded creatures.
   Int:       It affects your intelligence (+10).
   *Rage:     It berserks you when you make melee attacks (+20% chance).
   *Slow:     It may slow you when you take damage.
   Will:      It greatly increases your willpower.
Missiles
 D - 3 throwing nets (quivered)
Armour
 c - a +0 buckler (worn)
 e - a +0 pair of gloves (worn)
 y - +1 steam dragon scales (worn)
Jewellery
 g - a +6 ring of dexterity (left hand)
 i - a ring of flight
 l - a +6 ring of strength (right hand)
 n - an amulet of regeneration (around neck)
 s - a +4 ring of protection
 A - a ring of poison resistance
Wands
 h - a wand of flame (16)
 m - a wand of polymorph (15)
 p - a wand of mindburst (36)
 t - a wand of charming (7)
Scrolls
 d - 2 scrolls of immolation {unknown}
 u - a scroll of identify
 v - a scroll of summoning
 w - a scroll of enchant weapon
 B - a scroll of magic mapping
Potions
 b - 2 potions of berserk rage
 f - a potion of might
 j - 3 potions of mutation
 k - a potion of flight
 o - 2 potions of magic {unknown}
 r - 5 potions of degeneration {unknown}
 z - a potion of cancellation {unknown}
 C - a potion of ambrosia {unknown}


   Skills:
 + Level 10.4 Fighting
 + Level 13.9 Axes
 * Level 8.9 Armour
 - Level 3.6 Shields
 * Level 2.8 Invocations
 - Level 0.7 Evocations


You had 11 spell levels left.
You didn't know any spells.
Your spell library contained the following spells:

 Spells                   Type           Power      Damage    Failure   Level
 Corpse Rot               Necr/Air       0%         N/A       52%         2
 Poisonous Vapours        Pois/Air       0%         N/A       52%         2
 Slow                     Hex            0%         N/A       52%         2
 Confusing Touch          Hex            0%         N/A       77%         3
 Ignite Poison            Fire/Tmut/Pois 0%         N/A       77%         3
 Mephitic Cloud           Conj/Pois/Air  0%         N/A       77%         3
 Freezing Cloud           Conj/Ice/Air   0%         6-21      100%        5
 Yara's Violent Unravell  Hex/Tmut       0%         3d3       100%        5


Dungeon Overview and Level Annotations

Branches:
Dungeon (10/15)            Temple (1/1) D:4            Lair (0/6) D:8
  Sewer (visited)
    Orc: D:9-12

Altars:
Ashenzari
Cheibriados
Dithmenos
Elyvilon
Fedhas
Gozag
Hepliaklqana
Kikubaaqudgha
Makhleb
Nemelex Xobeh
Okawaru
Qazlal
Ru
Sif Muna
Trog
Uskayaw
Vehumet
Wu Jian
Xom
Zin
The Shining One

Annotations:
D:10 Sonja


Innate Abilities, Weirdness & Mutations

Your life essence is reduced to manifest your ancestor. (-10% HP)
You cannot be hasted, slowed, berserked, paralysed or teleported.
You can dig through walls and to a lower floor.
You have a pair of large antennae on your head. (SInv)
Your four strong arms can wield two-handed weapons with a shield.
You are agile. (Dex +2)
You passively map a small area around you.
You expend magic power (3 MP) to strengthen your wands.


Message History

Froth hits the large abomination but does no damage.
You hit the large abomination but do no damage.
The large abomination is lightly damaged.
Your +1 spectral war axe hits the large abomination!
The large abomination hits you but does no damage.
Froth hits the large abomination with a +0 dagger of draining!
Unknown command.
You hit the large abomination.
The large abomination is heavily damaged.
Your +1 spectral war axe hits the large abomination!
The large abomination closely misses your +1 spectral war axe.
You slash the large abomination!
You destroy the large abomination!
Unknown command.
You slice the large abomination!!
The large abomination is heavily damaged.
Your +1 spectral war axe hits the large abomination but does no damage.
The large abomination hits your +1 spectral war axe!!
Your spectral weapon shares its damage with you!
Your +1 spectral war axe fades away.
A worldbinder comes into view.
You catch the helpless large abomination completely off-guard!
You hit the large abomination.
The large abomination is severely damaged.
Your +1 spectral war axe barely misses the large abomination.
Froth barely misses the large abomination.
You hit the large abomination but do no damage.
The large abomination is severely damaged.
Your +1 spectral war axe hits the large abomination but does no damage.
The large abomination hits you!!
* * * LOW HITPOINT WARNING * * *
The worldbinder calls forth creatures from the Snake Pit!
Unknown command.
Unknown command.
Froth hits the large abomination with a +0 dagger of draining.
Unknown command.
You feel your health improve.
Something barely misses Froth.
Something bites Froth!
Froth's magic leaks into the air.
The large abomination hits you!!
You die...

....... . .#...
. . .......
###... ..
......#
..#.#...#
.....##.#..#...
#
...§x§#§....###
#SSx..##
#..R..#
#..##X### #.#
#@##{ { # ### {
{


You could see the friendly Froth the hexer, a large abomination (ally target)
and a worldbinder.

Vanquished Creatures
  Harold (D:8)
  A boulder beetle (D:8)
  2 two-headed ogres
  Pikel (D:5)
  An ugly thing (D:9)
  A large abomination (Abyss:3)
  Joseph (D:10)
  A smoke demon (Abyss:3)
  An unseen horror (D:9)
  Maggie (D:10)
  2 kobold demonologists (D:8)
  A silent spectre (Abyss:3)
  An ancient zyme (Abyss:3)
  A troll (D:10)
  A harpy skeleton (Abyss:3)
  A small abomination (Abyss:3)
  A yak (D:8)
  A wyvern (D:8)
  A wraith (D:9)
  2 steam dragons
  A water moccasin (D:5)
  Duvessa (D:5)
  2 orc warriors
  Purgy (Sewer)
  2 black bears
  3 ogres
  3 centaurs
  4 lemures (D:5)
  A necrophage (D:7)
  A phantom (D:5)
  6 kobold brigands (D:8)
  2 bullfrogs
  Blork the orc (D:5)
  3 scorpions
  Dowan (D:5)
  2 water moccasin skeletons (D:4)
  2 killer bees (D:9)
  A troll skeleton (D:9)
  4 spriggan skeletons (D:9)
  A centaur zombie (D:8)
  A centaur skeleton (D:5)
  3 jellies
  A gnoll shaman (D:8)
  4 orc priests
  4 iguanas
  Jessica (D:2)
  A bullfrog skeleton (D:4)
  A hexer (D:10)
  8 orc wizards
  2 killer bee zombies
  A howler monkey zombie (D:6)
  14 gnolls
  A howler monkey skeleton (D:5)
  7 adders
  2 river rats (D:6)
  2 shadow imps (D:8)
  2 ufetubi
  7 worms
  A dart slug (D:1)
  36 orcs
  8 endoplasms
  2 giant cockroaches
  4 goblins
  6 hobgoblins
  11 jackals
  4 quokkas
  12 ball pythons
  7 bats
  7 frilled lizards
  29 kobolds
  13 kobold skeletons (D:8)
  5 kobold zombies (D:8)
  10 rats
282 creatures vanquished.

Vanquished Creatures (collateral kills)
  A large abomination (Abyss:3)
  A small abomination (Abyss:3)
  A black bear (D:8)
  An ogre (D:6)
  A scorpion (D:6)
  A killer bee (D:9)
  A spriggan skeleton (D:9)
  A howler monkey (D:7)
  An orc priest (D:10)
  A gnoll (D:7)
  An orc (D:8)
  A hobgoblin (D:4)
  A bat (Sewer)
  2 kobolds (D:8)
15 creatures vanquished.

Vanquished Creatures (others)
  An orc priest (D:10)
  4 hexers
  2 starspawn tentacles (Abyss:3)
7 creatures vanquished.

Grand Total: 304 creatures vanquished

Notes
Turn   | Place    | Note
-------+----------+-------------------------------------------
     0 | D:1      | ytrimaz the Formicid Fighter began the quest for the Orb.
     0 | D:1      | Reached XP level 1. HP: 18/18 MP: 1/1
   341 | D:1      | Reached XP level 2. HP: 22/24 MP: 2/2
   484 | D:1      | Reached XP level 3. HP: 8/29 MP: 3/3
   715 | D:1      | Found a faded altar of an unknown god.
  1634 | D:2      | Reached XP level 4. HP: 37/37 MP: 4/4
  1694 | D:2      | Reached skill level 3 in Axes
  1873 | D:2      | Noticed Jessica
  1881 | D:2      | Killed Jessica
  2381 | D:2      | Reached XP level 5. HP: 42/42 MP: 5/5
  2693 | D:3      | Found a blossoming altar of Fedhas.
  2695 | D:3      | You are sucked into a shaft and drop 2 floors!
  2695 | D:5      | Entered Level 5 of the Dungeon
  2713 | D:4      | Noticed Sigmund
  2716 | D:4      | Noticed an ogre
  2719 | D:4      | Reached skill level 4 in Axes
  2919 | D:3      | Found a snail-covered altar of Cheibriados.
  3049 | D:3      | Gained mutation: You are agile. (Dex +2) [potion of
                  | mutation]
  3049 | D:3      | Gained mutation: You passively map a small area around you.
                  | [potion of mutation]
  3049 | D:3      | Gained mutation: You expend magic power (3 MP) to
                  | strengthen your wands. [potion of mutation]
  3102 | D:3      | Reached XP level 6. HP: 48/48 MP: 6/6
  3108 | D:3      | Found a hazy altar of Hepliaklqana.
  3111 | D:3      | Found a shadowy altar of Dithmenos.
  3112 | D:3      | Noticed a shadow
  3125 | D:3      | Became a worshipper of Hepliaklqana the Forgotten
  3190 | D:4      | Noticed Sigmund
  3190 | D:4      | Sigmund changed into Sigmund the jelly
  3193 | D:4      | Killed Sigmund the jelly
  3194 | D:4      | Reached skill level 5 in Armour
  3199 | D:4      | Killed an ogre
  3271 | D:4      | Reached skill level 5 in Axes
  3271 | D:4      | Reached XP level 7. HP: 54/54 MP: 7/7
  3322 | D:4      | Found a burning altar of Makhleb.
  3734 | D:4      | Found a staircase to the Ecumenical Temple.
  3746 | D:4      | Reached skill level 6 in Axes
  3752 | Temple   | Entered the Ecumenical Temple
  4031 | D:5      | Noticed Duvessa
  4032 | D:5      | Noticed Dowan
  4037 | D:5      | Killed Duvessa
  4038 | D:5      | Reached XP level 8. HP: 41/61 MP: 8/8
  4041 | D:5      | Reached skill level 5 in Fighting
  4041 | D:5      | Killed Dowan
  4136 | D:5      | Noticed Blork the orc
  4140 | D:5      | Killed Blork the orc
  4141 | D:5      | Reached skill level 7 in Axes
  4297 | D:5      | Reached * piety under Hepliaklqana
  4310 | D:5      | Reached XP level 9. HP: 51/62 MP: 9/9
  4347 | D:5      | Noticed Pikel
  4352 | D:5      | Reached skill level 8 in Axes
  4361 | D:5      | Killed Pikel
  4634 | D:6      | Reached skill level 9 in Axes
  4963 | D:6      | Found a glowing drain.
  4986 | Sewer    | Entered a sewer
  5078 | Sewer    | Noticed Purgy
  5081 | Sewer    | Killed Purgy
  5712 | D:7      | Reached ** piety under Hepliaklqana
  5770 | D:7      | Remembered your ancestor Froth as a hexer
  5778 | D:7      | Reached XP level 10. HP: 71/71 MP: 10/10
  5804 | D:7      | Reached skill level 10 in Axes
  5850 | D:8      | Noticed a kobold demonologist
  5855 | D:8      | Killed a kobold demonologist
  5932 | D:8      | Found a staircase to the Lair.
  5948 | D:8      | Reached skill level 11 in Axes
  6017 | D:8      | Noticed a boulder beetle
  6061 | D:9      | HP: 2/72 [boulder beetle (12)]
  6207 | D:9      | Identified the +8 whip of Ash {freeze, *Rage *Slow Will++
                  | Int+10}
  6402 | D:9      | Noticed a green ugly thing
  6407 | D:9      | Killed a green ugly thing
  6640 | D:9      | Noticed an unseen horror
  6665 | D:9      | Killed an unseen horror
  6824 | D:9      | Reached skill level 12 in Axes
  6930 | D:9      | Noticed a two-headed ogre
  6947 | D:9      | Reached XP level 11. HP: 54/78 MP: 11/11
  6947 | D:9      | Killed a two-headed ogre
  7166 | D:8      | Reached *** piety under Hepliaklqana
  7252 | D:8      | Noticed Harold
  7269 | D:8      | Killed Harold
  7556 | D:8      | Reached skill level 13 in Axes
  7604 | D:8      | Found an ancient bone altar of Kikubaaqudgha.
  7691 | D:8      | Identified the +1 leather armour of Naosuos {MP-9 Int+5}
  7847 | D:8      | Killed a boulder beetle
  8220 | D:8      | Found a staircase to the Lair.
  8358 | D:8      | Found an ancient bone altar of Kikubaaqudgha.
  8586 | D:10     | Entered Level 10 of the Dungeon
  8587 | D:10     | Noticed a two-headed ogre
  8647 | D:10     | Killed a two-headed ogre
  8648 | D:10     | Reached skill level 10 in Fighting
  8648 | D:10     | Reached skill level 1 in Invocations
  8716 | D:10     | Noticed Joseph
  8717 | D:10     | Noticed Maggie
  8718 | D:10     | Noticed Sonja
  8728 | D:10     | Killed Maggie
  8730 | D:10     | Killed Joseph
  8733 | D:10     | Cast into level 2 of the Abyss (Sonja)
  8786 | Abyss:2  | Noticed a bone dragon
  8858 | Abyss:3  | Noticed a starcursed mass
  8875 | Abyss:3  | Noticed a brown ugly thing
  8876 | Abyss:3  | Noticed a brown very ugly thing
  8877 | Abyss:3  | Noticed a brown very ugly thing
  8893 | Abyss:3  | Noticed a glowing orange brain
  8986 | Abyss:3  | Reached XP level 12. HP: 65/88 MP: 13/13
  9037 | Abyss:3  | Mangled by a large abomination

Illustrated notes

Levels and vault maps discovered:
D:1:      lemuel_arrival_broad_hall, layout_basic,
          hellmonk_ecumenical_altar_run_dry
D:2:      layout_basic, uniq_jessica
D:3:      layout_basic, riverfiend_overflow_shadow_ancestor,
          grunt_temple_overflow_open, kennysheep_generic_room_14
D:4:      layout_rooms, marbit_many_paths, temple_green, uniq_sigmund
D:5:      layout_basic, uniq_duvessa, uniq_blork_the_orc, uniq_pikel
D:6:      layout_basic, lightli_sewer_entry_pipes
D:7:      layout_basic
D:8:      wander_kiku_kobolds, layout_basic, david_lair_generic, uniq_harold
D:9:      layout_loops_corners, hangedman_tell_no_tales
D:10:     cheibrodos_helix_gallery, layout_basic,
          lemuel_zombie_altar_yredelemnul, enter_trove_6,
          nicolae_underground_beach, uniq_sonja, uniq_joseph, uniq_maggie
Temple:   eino_temple_scatter_basement
Abyss:3:  base: D:5, base: D:7, doesnt_abyss_rune_brain_food,
          doesnt_abyss_rune_brain_food

Skill      XL: |  1  2  3  4  5  6  7  8  9 10 11 |
---------------+----------------------------------+-----
Armour         | 4 5 6 7 8 |  8.9
Axes           | 3 4 5 6 7 9 12 13 | 13.9
Fighting       | 4 5 7 8 10 | 10.4
Invocations    | 2 |  2.8
Shields        | |  3.6
Evocations     | |  0.7

Action                   |  1- 3 |  4- 6 |  7- 9 | 10-12 || total
-------------------------+-------+-------+-------+-------++-------
Melee: War axe           |    83 |    63 |   154 |   211 ||   511
       Whip              |       |       |       |     2 ||     2
Invok: Ancestor Life: He |       |       |     1 |       ||     1
       Ancestor Identity |       |       |     1 |       ||     1
       Recall Ancestor   |       |       |       |     1 ||     1
Evoke: Wand              |       |     2 |       |     3 ||     5
  Use: Potion            |     1 |     1 |       |     7 ||     9
       Scroll            |     3 |     4 |     9 |     1 ||    17
 Stab: Distracted        |       |     1 |     2 |     8 ||    11
       Confused          |       |       |       |     3 ||     3
       Sleeping          |       |       |       |     1 ||     1
Armor: Scale mail        |    51 |    20 |    57 |       ||   128
       Steam dragon scal |       |       |     6 |    57 ||    63
Dodge: Dodged            |    43 |    27 |    68 |   115 ||   253
Block: Buckler           |    29 |    15 |    35 |    57 ||   136

Table legend: (Time is in decaauts)
 A = Elapsed time spent in this place.
 B = Non-inter-level travel time spent in this place.
 C = Inter-level travel time spent in this place.
 D = Time resting spent in this place.
 E = Time spent auto-exploring this place.
 F = Levels seen in this place.
 G = Mean time per level.
                   A        B        C        D        E       F      G
               +--------+--------+--------+--------+--------+-----+--------+
         Total |   9117 |   8854 |    263 |    562 |   6110 |  14 |  651.2 |
       Dungeon |   8468 |   8222 |    246 |    444 |   5862 |  10 |  846.8 |
        Temple |    197 |    180 |     17 |      0 |    162 |   1 |  197.0 |
         Abyss |    298 |    298 |      0 |    118 |     18 |   2 |  149.0 |
         Sewer |    153 |    153 |      0 |      0 |     68 |   1 |  153.0 |
               +--------+--------+--------+--------+--------+-----+--------+

Top non-repeatable levels by time:
     D:8: 1698 daAuts
     D:1: 1587 daAuts
     D:9: 1068 daAuts
     D:2: 1027 daAuts
     D:4: 659 daAuts
     D:5: 641 daAuts
     D:6: 634 daAuts
     D:3: 579 daAuts
     D:7: 473 daAuts
 Abyss:3: 243 daAuts
  Temple: 197 daAuts
   Sewer: 153 daAuts
    D:10: 99 daAuts
 Abyss:2: 54 daAuts
